 Dungeon Crawl Stone Soup version 0.24.1 (webtiles) character file.

Game seed: 6747761104702147806, levelgen mode: deterministic

36734 Peloso the Fencer (level 13, -6/116 HPs)
             Began as a Minotaur Fighter on Apr 7, 2020.
             Was a High Priest of Okawaru.
             Killed from afar by Azrael (38 damage)
             ... with a fireball
             ... on level 14 of the Dungeon.
             The game lasted 00:39:28 (14032 turns).

Peloso the Fencer (Minotaur Fighter)               Turns: 14032, Time: 00:39:28

Health: -6/116     AC: 22    Str: 23    XL:     13   Next: 54%
Magic:  0/14       EV: 12    Int:  2    God:    Okawaru [*****.]
Gold:   1024       SH: 16    Dex: 13    Spells: 12/12 levels left

rFire    . . .     SeeInvis .   a - +3 long sword (freeze)
rCold    + . .     Gourm    .   c - +0 shield
rNeg     . . .     Faith    .   C - +0 plate armour
rPois    .         Spirit   +   j - +1 hat {MR+}
rElec    .         Reflect  .   (no cloak)
rCorr    .         Harm     .   o - +0 pair of gloves
MR       +....                  P - +0 pair of boots (curse)
Stlth    ..........             D - amulet of guardian spirit
HPRegen  0.29/turn              T - -3 ring of intelligence (curse)
MPRegen  0.14/turn              F - ring of protection from cold

@: heroism, very slow
A: retaliatory headbutt, horns 2
a: Heroism, Finesse, Renounce Religion


You were on level 14 of the Dungeon.
You worshipped Okawaru.
Okawaru was extremely pleased with you.
You were hungry.

You visited 3 branches of the dungeon, and saw 18 of its levels.

You collected 1024 gold pieces.

Inventory:

Hand Weapons
 a - a +3 long sword of freezing (weapon)
 b - a +0 scimitar of flaming
Armour
 c - a +0 shield (worn)
 g - a +2 hat
 j - a +1 hat of magic resistance (worn)
 o - a +0 pair of gloves (worn)
 p - a scarf of cloud immunity
 r - a +0 chain mail
 C - a +0 plate armour (worn)
 J - a +2 cloak of poison resistance
 P - a cursed +0 pair of boots (worn)
Jewellery
 y - an uncursed ring of flight
 D - an amulet of guardian spirit (around neck)
 F - a ring of protection from cold (right hand)
 T - a cursed -3 ring of intelligence (left hand)
Wands
 H - a wand of clouds (3)
Scrolls
 e - 4 scrolls of teleportation
 h - a scroll of identify
 i - 6 scrolls of blinking
 l - 8 scrolls of remove curse
 m - 2 scrolls of noise
 u - 4 scrolls of magic mapping
 M - a scroll of summoning
Potions
 d - 2 potions of might
 t - 7 potions of curing
 x - a potion of resistance
 E - 2 potions of agility
 G - 6 potions of berserk rage
 K - 4 potions of haste
Miscellaneous
 n - a crystal ball of energy
Comestibles
 f - 34 rations


   Skills:
 + Level 11.5(16.5) Fighting
 + Level 15.6(20.6) Long Blades
 + Level 12.8(17.8) Armour
 + Level 3.1(8.1) Dodging
 + Level 0.4(5.4) Stealth
 + Level 14.5(19.5) Shields
 + Level 1.8 Invocations
 + Level 2.7 Evocations


You had 12 spell levels left.
You didn't know any spells.
Your spell library contained the following spells:

 Spells                   Type           Power        Failure   Level  Hunger
 Beastly Appendage        Tmut           #.....       99%         1    ##.....
 Poisonous Vapours        Pois/Air       #.....       100%        2    ###....
 Conjure Flame            Conj/Fire      #.......     100%        3    ####...
 Mephitic Cloud           Conj/Pois/Air  #.......     100%        3    ####...
 Airstrike                Air            #.........   100%        4    #####..
 Ice Form                 Ice/Tmut       #.......     100%        4    #####..
 Deflect Missiles         Chrm/Air       #.........   100%        6    #######
 Freezing Cloud           Conj/Ice/Air   #.........   100%        6    #######
 Ring of Flames           Chrm/Fire      #.........   100%        7    #######


Dungeon Overview and Level Annotations

Branches:
Dungeon (13/15)            Temple (1/1) D:7            Lair (3/6) D:10
  Swamp (0/4) Lair:2        Snake (0/4) Lair:2          Orc (0/2) D:10
 Vaults: D:13-14

Altars:
Ashenzari
Cheibriados
Dithmenos
Elyvilon
Fedhas
Gozag
Hepliaklqana
Kikubaaqudgha
Makhleb
Nemelex Xobeh
Okawaru
Qazlal
Ru
Sif Muna
Trog
Uskayaw
Vehumet
Wu Jian
Xom
Yredelemnul
Zin
The Shining One

Shops:
D:12 (

Annotations:
D:11 3 runed translucent doors, Sneal's ghost, journeyman OpFE
D:14 Azrael
Lair:3 Rupert


Innate Abilities, Weirdness & Mutations

You reflexively headbutt those who attack you in melee.
You have a pair of horns on your head.


Message History

The goblin enters a dispersal trap!
The centaur warrior blinks!
The kobold blinks!
The centaur warrior blinks!
You blink.
The goblin blinks!
Unknown command.
Azrael gestures at you.
The sphere of damnation explodes!
The damnation engulfs you!!
* * * LOW HITPOINT WARNING * * *
A hungry ghost comes into view.
A goblin opens the door.
You hear a shout! x4; You hear a horrible gurgling sound! x3
You hear a chilling moan.
You see here an arrow.
You enter the shallow water.
Moving in this stuff is going to be slow.
The kobold shouts!
A kobold comes into view. It is wielding a -2 club.
A kobold comes into view. It is wielding a +0 whip.
A kobold comes into view.
Azrael gestures at you.
The fireball explodes!
The fireball engulfs you!!!
You die...

*,,,,,,,,*,.#.......,,*******
*,,,,,,,,,,...KKK..,,,* *
*,,,,,,≈≈≈≈≈≈≈.K.°,,,,* *
**+***,≈****#≈K.°,,,,,* *
*,,**,≈#,,,#≈.W,,,,,,* *
**,**,≈#.∩,#≈R#*+*****
*,,,,≈#..,#≈§#*,**
********#.≈##.##≈(#*,,*
*,,,,,,,..≈≈≈g≈@)^###+###*
*>,,,,,,<.......(........***
*,,,,,,,.^..####..g§.....+,**
*,,,,,,,...,*###.........*,,*
*,,,,,,,.,,,*#.(.'....§..**,**
*,,,,,,,,,,,*#.###clK....**,,**
*,,,,,,,,,,,+..*
*5g.....***,,**
*,,,,,,,,,,,###* *H<.>...*
**,,* *,,,,,,,,,,,* *.......*
**,*


You could see Azrael, a centaur warrior, a hippogriff, a hungry ghost, an
iguana, a crimson imp, 3 goblins and 6 kobolds.

Vanquished Creatures
  Gastronok (D:11)
  Erica (D:9)
  2 hydras
  3 two-headed ogres
  4 death yaks (Lair:2)
  Pikel (D:8)
  An unseen horror (D:10)
  A wizard (D:13)
  A manticore (D:12)
  3 deep elf magi (D:13)
  2 cyclopes
  3 ugly things
  3 black mambas (Lair:2)
  Maurice (D:9)
  Psyche (D:11)
  3 spiny frogs
  A gargoyle (D:11)
  3 kobold demonologists (D:12)
  A rime drake (Lair:2)
  2 komodo dragons (Lair:2)
  A hornet (D:7)
  3 trolls
  7 dream sheep (Lair:2)
  A meliai zombie (D:12)
  6 blink frogs (Lair:2)
  5 hippogriffs
  2 water elementals (D:12)
  21 yaks
  A wyvern (Lair:2)
  4 fire elementals (D:13)
  3 wraiths
  2 basilisks (D:10)
  Grum (D:11)
  3 vampire mosquitoes
  A hungry ghost (D:12)
  Menkaure (D:6)
  2 soldier ants
  An acid dragon (shapeshifter) (D:12)
  10 water moccasins
  4 hell hounds (D:13)
  4 porcupines
  A black bear (D:11)
  5 ice beasts
  A slave (D:9)
  2 orc warriors
  3 sky beasts
  2 phantoms
  6 ogres
  4 wolves (D:11)
  10 centaurs
  4 crocodiles
  2 big kobolds
  13 bullfrogs
  3 scorpions
  7 killer bees
  9 wights
  3 electric eels
  5 howler monkeys
  A bullfrog zombie (D:10)
  2 centaur zombies
  4 crimson imps
  6 hounds
  4 jellies
  3 quasits
  6 orc priests
  16 orc wizards
  A bullfrog skeleton (D:8)
  3 centaur skeletons
  4 iguanas
  7 hell rats (Lair:2)
  7 worker ants
  A hound zombie (D:11)
  2 hound skeletons (D:10)
  A howler monkey zombie (D:5)
  4 worker ant zombies
  20 adders
  4 gnolls (D:3)
  6 shadow imps
  3 oozes
  2 worms
  2 dart slugs
  10 leopard geckos
  36 orcs
  2 giant cockroaches
  8 hobgoblins
  13 jackals
  2 quokkas
  6 ball pythons
  2 bats
  6 frilled lizards
  8 goblins
  10 kobolds
  A quokka skeleton (D:5)
  2 rats (D:2)
  2 fungi (Lair:1)
418 creatures vanquished.

Vanquished Creatures (others)
  An unseen horror (D:12)
  A tengu conjurer (D:14)
  A slave (D:9)
  6 fungi (Lair:2)
  6 plants (Lair:2)
15 creatures vanquished.

Grand Total: 433 creatures vanquished

Notes
Turn   | Place    | Note
-------+----------+-------------------------------------------
     0 | D:1      | Peloso the Minotaur Fighter began the quest for the Orb.
     0 | D:1      | Reached XP level 1. HP: 19/19 MP: 0/0
   426 | D:2      | Reached XP level 2. HP: 27/27 MP: 1/1
   471 | D:2      | Found an opulent altar of Gozag.
   662 | D:2      | Reached XP level 3. HP: 31/33 MP: 2/2
  1078 | D:3      | Reached skill level 3 in Long Blades
  1078 | D:3      | Reached XP level 4. HP: 35/40 MP: 3/3
  1317 | D:3      | Reached XP level 5. HP: 47/47 MP: 4/4
  1348 | D:3      | Reached skill level 5 in Armour
  1479 | D:3      | Reached skill level 4 in Long Blades
  1810 | D:4      | Reached skill level 5 in Shields
  1937 | D:4      | Reached XP level 6. HP: 30/53 MP: 5/5
  2014 | D:4      | Reached skill level 5 in Long Blades
  2285 | D:4      | Found a hide-covered altar of Uskayaw.
  2554 | D:5      | Entered Level 5 of the Dungeon
  2637 | D:5      | Reached XP level 7. HP: 20/60 MP: 6/6
  2639 | D:5      | Reached skill level 5 in Fighting
  3094 | D:5      | Reached skill level 6 in Long Blades
  3220 | D:5      | Reached skill level 1 in Dodging
  3453 | D:5      | Reached XP level 8. HP: 68/68 MP: 7/7
  3757 | D:5      | Reached skill level 7 in Long Blades
  4106 | D:6      | Reached skill level 8 in Long Blades
  4296 | D:6      | Noticed Menkaure
  4309 | D:6      | Killed Menkaure
  4566 | D:7      | Identified a scroll of acquirement
  4573 | D:7      | Found a snail-covered altar of Cheibriados.
  4575 | D:7      | Found a white marble altar of Elyvilon.
  4580 | D:7      | Reached skill level 9 in Long Blades
  4608 | D:7      | Reached XP level 9. HP: 74/75 MP: 8/8
  4622 | D:7      | Noticed a troll
  4630 | D:7      | Killed a troll
  4637 | D:7      | Found a staircase to the Ecumenical Temple.
  4668 | Temple   | Entered the Ecumenical Temple
  4677 | Temple   | Became a worshipper of Warmaster Okawaru
  4835 | D:7      | Reached skill level 10 in Long Blades
  5650 | D:8      | Noticed a two-headed ogre
  5661 | D:8      | Killed a two-headed ogre
  5661 | D:8      | Reached * piety under Okawaru
  5936 | D:8      | Reached skill level 11 in Long Blades
  6186 | D:9      | Noticed a troll
  6188 | D:9      | Noticed Maurice
  6193 | D:9      | Reached XP level 10. HP: 76/86 MP: 9/9
  6237 | D:9      | Noticed Pikel
  6237 | D:9      | Noticed a white ugly thing
  6256 | D:8      | Killed a white ugly thing
  6363 | D:8      | Killed Pikel
  6363 | D:8      | Reached ** piety under Okawaru
  6605 | D:9      | Noticed Erica
  6631 | D:9      | Killed Erica
  6631 | D:9      | Reached skill level 10 in Shields
  6653 | D:9      | Killed Maurice
  6653 | D:9      | Reached *** piety under Okawaru
  6696 | D:9      | Reached skill level 12 in Long Blades
  7060 | D:8      | Reached skill level 1 in Evocations
  7231 | D:9      | Noticed a two-headed ogre
  7240 | D:9      | Killed a two-headed ogre
  7240 | D:9      | Reached **** piety under Okawaru
  7240 | D:9      | Reached XP level 11. HP: 94/94 MP: 8/11
  7582 | D:10     | Entered Level 10 of the Dungeon
  7681 | D:10     | Found a staircase to the Lair.
  7709 | D:10     | Reached skill level 13 in Long Blades
  7808 | D:10     | Killed an unseen horror
  7808 | D:10     | Received a gift from Okawaru
  7857 | D:10     | Reached ***** piety under Okawaru
  8254 | D:10     | Found a staircase to the Orcish Mines.
  8507 | D:11     | Noticed a five-headed hydra
  8514 | D:11     | Killed a two-headed hydra
  8571 | D:11     | Found a shadowy altar of Dithmenos.
  8594 | D:11     | Received a gift from Okawaru
  8686 | D:11     | Reached skill level 10 in Armour
  8693 | D:11     | Noticed Grum
  8709 | D:11     | Killed Grum
  8741 | D:11     | Noticed a white ugly thing
  8755 | D:11     | Killed a white ugly thing
  8775 | D:11     | Noticed Gastronok
  8792 | D:11     | Killed Gastronok
  8792 | D:11     | Reached skill level 14 in Long Blades
  8844 | D:11     | Reached XP level 12. HP: 58/105 MP: 10/12
  8899 | D:11     | Reached skill level 1 in Invocations
  9075 | D:11     | Noticed a minotaur
  9075 | D:11     | Noticed Sneal's ghost (journeyman OpFE)
  9338 | D:11     | Noticed Psyche
  9340 | D:11     | Found a runed translucent gate.
  9340 | D:11     | Found a runed translucent gate.
  9340 | D:11     | Found a runed translucent gate.
  9357 | D:11     | Killed Psyche
  9869 | D:12     | Reached skill level 10 in Fighting
 10148 | D:12     | Found Cenown's Weapon Shoppe.
 10257 | D:12     | Received a gift from Okawaru
 10489 | D:12     | Noticed a two-headed ogre
 10518 | D:12     | Killed a two-headed ogre
 10917 | Lair:1   | Entered Level 1 of the Lair of Beasts
 11917 | Lair:2   | Noticed a four-headed hydra
 11986 | Lair:2   | Reached skill level 15 in Long Blades
 12034 | Lair:2   | Reached XP level 13. HP: 68/115 MP: 9/13
 12848 | Lair:2   | Found a staircase to the Snake Pit.
 12929 | Lair:2   | Found a staircase to the Swamp.
 13361 | Lair:3   | Noticed Rupert
 13493 | D:12     | Received a gift from Okawaru
 13700 | D:13     | Identified Boluus's Papyrus of Combed Thunderclap
 13707 | D:13     | Noticed Azrael
 13749 | D:13     | Reached ****** piety under Okawaru
 14011 | D:13     | Identified the Compendium of Sand
 14017 | D:13     | You fall into a shaft and drop 1 floor!
 14032 | D:14     | Killed from afar by Azrael

Levels and vault maps discovered:
D:1:      saegor_arrival_simple_c, layout_rooms, grunt_decor_arrowhead
D:2:      layout_loops_ring, lemuel_doored_altar
D:3:      layout_basic
D:4:      layout_basic, eat_drink_and_be_merry_uskayaw, first_ration
D:5:      layout_loops_ring
D:6:      layout_rooms, uniq_menkaure
D:7:      layout_basic, grunt_temple_overflow_open,
          minmay_temple_entry_drinking_statues
D:8:      layout_basic
D:9:      layout_cave_pods, blue_anna_alchemist [blue_anna_fruit_fields,
          blue_anna_fruit_fields], uniq_maurice, uniq_pikel, uniq_erica
D:10:     layout_rooms, david_lair_generic, orc_0_dummy, minmay_alternating_orb
D:11:     layout_roguey, maelrawn_ghost_gauntlet_escape,
          nicolae_dithmenos_the_darkroom, uniq_grum, uniq_psyche, uniq_gastronok
D:12:     minmay_opposing_rooms, layout_basic, serial_shops, shop
D:13:     layout_roguey, bh_hangedman_babel_library, uniq_azrael
D:14:     layout_roguey, ximxim_vaults_locker_room, hangedman_decor_growths,
          enter_bailey_3
Temple:   nicolae_temple_no_exploring_needed
Lair:1:   layout_loops_ring, beast_lair_carwin_6, grunt_megastairs_5,
          serial_bayou_shore_a, lemuel_fruit_tree, infiniplex_staircase_pool_2
Lair:2:   layout_gridlike, swamp_mist, minmay_snake_entry_six_corridors,
          grunt_megastairs_4
Lair:3:   layout_gridlike, ice2_lemuel, uniq_rupert

Skill      XL: |  1  2  3  4  5  6  7  8  9 10 11 12 13 |
---------------+----------------------------------------+-----
Shields        | 4 5 6 7 9 10 11 13 14 | 14.5
Fighting       | 4 5 7 8 9 10 11 | 11.5
Armour         | 4 5 6 7 8 9 10 12 | 12.8
Long Blades    | 3 4 5 6 9 11 12 14 15 | 15.6
Dodging        | 1 2 3 |  3.1
Evocations     | 2 |  2.7
Invocations    | 1 |  1.8
Stealth        | |  0.4

Action                   |  1- 3 |  4- 6 |  7- 9 | 10-12 | 13-15 || total
-------------------------+-------+-------+-------+-------+-------++-------
Melee: Long sword        |    84 |   149 |   304 |   843 |   258 ||  1638
       Headbutt          |    14 |    28 |    65 |   176 |    56 ||   339
       Scimitar          |       |       |       |     4 |     6 ||    10
Invok: Heroism           |       |       |       |    11 |     7 ||    18
Evoke: Wand              |       |       |       |    10 |       ||    10
  Use: Potion            |       |    10 |     1 |     2 |     3 ||    16
       Scroll            |       |     9 |     6 |     9 |     3 ||    27
  Eat: Chunk             |       |     3 |     7 |    22 |     6 ||    38
       Ration            |       |     1 |     1 |       |       ||     2
Armor: Scale mail        |    19 |       |       |       |       ||    19
       Chain mail        |    28 |    37 |       |       |       ||    65
       Plate armour      |       |    70 |   166 |   343 |    98 ||   677
Dodge: Dodged            |    30 |    23 |    59 |   150 |    56 ||   318
Block: Shield            |    48 |   102 |   183 |   465 |   152 ||   950
       Rpst.: Long sword |     7 |     3 |    24 |    43 |    11 ||    88
